AoeStats
← old f1sh

Arena

509628198Analyzed
4v4 RM · 4d ago on Sep 27, 2026· 93m 37s· 8 players
Game mode
Random Map
Map size
Large (8 player)
Population
200
Speed
Normal
Resources
Standard
Victory
Conquest
Starting age
Dark Age
Ending age
Imperial Age
RankedLock teamsTeams togetherTeam positionsShared explorationLock speedFull tech treeHidden civsTurbo modeCheats
Victory
Defeat
🇨🇳 Saxons · China
1526
+14
🇹🇼 Danes · Taiwan
1458
+17
🇨🇳 Varangians · China
1449
+18
🇯🇵 Britons · Japan
1434
+18
🇧🇷 Varangians · Brazil
1517
-17
🇧🇪 Japanese · Belgium
1508
-18
🇹🇷 Spanish · Türkiye
1491
-17
🇨🇳 Khmer · China
1432
-15
sada-aki
old f1sh
10:36 Feudal Age
11:17 Double-Bit Axe
14:08 Castle Age
13:14 Horse Collar
15:43 Bow Saw
20:12 Sanctity
23:49 Loom
28:50 Imperial Age
27:24 Wheelbarrow
28:04 Masonry
28:07 Gold Mining
28:08 Stone Mining
29:39 Hand Cart
29:52 Siege Engineers
30:23 Squires
30:09 Gambesons
30:25 Scale Mail Armor
30:35 Forging
30:54 Town Watch
31:40 Ballistics
31:44 Chain Mail Armor
31:41 Forging
32:37 Conscription
34:01 Chemistry
34:35 Plate Mail Armor
34:40 Iron Casting
34:37 Fletching
34:54 Heavy Plow
35:28 Elite Varangian Guard
38:22 Iron Casting
38:27 Bodkin Arrow
40:34 Arson
40:50 Bracer
40:31 Shield Wall
42:55 Guilds
43:36 Elite Hearth Troop
45:01 Architecture
46:08 Hoardings
46:36 Padded Archer Armor
47:34 Fortified Wall
48:34 Bloodlines
48:24 Husbandry
47:45 Light Cavalry
51:37 Scale Barding Armor
52:01 Hussar
53:15 Chain Barding Armor
55:44 Caravan
55:30 Clerical Recruitment
59:28 Leather Archer Armor
59:50 Pikeman
60:32 Guard Tower
60:28 Arrowslits
60:40 Murder Holes
61:00 Halberdier
63:22 Keep
70:56 Ring Archer Armor
70:47 Cavalier
74:54 Treadmill Crane
83:03 Two-Man Saw
85:51 Sappers
91:38 Coinage
90:45 Elite Skirmisher
91:30 Thumb Ring
92:02 Cranequins
92:15 Heavy Mounted Crossbowman
涅槃重生
10:14 Feudal Age
14:09 Castle Age
15:06 Double-Bit Axe
15:04 Horse Collar
21:35 Loom
23:18 Heavy Plow
23:54 Bow Saw
25:59 Wheelbarrow
29:27 Imperial Age
27:08 Town Watch
28:14 Forging
28:10 Scale Barding Armor
28:09 Gold Mining
28:09 Stone Mining
29:35 Iron Casting
29:27 Fletching
30:36 Chain Barding Armor
29:39 Vendel Legacy
30:41 Conscription
30:36 Bloodlines
30:27 Husbandry
30:57 Hand Cart
32:19 Blast Furnace
32:51 Stone Shaft Mining
32:24 Capped Ram
32:40 Elite Jarl
33:25 Siege Ram
35:51 Gothikon
36:54 Scale Mail Armor
37:30 Plate Barding Armor
38:31 Two-Man Saw
37:30 Gambesons
37:48 Squires
37:33 Arson
37:10 Elite Varangian Guard
53:37 Ballistics
54:17 Chemistry
53:29 Fortified Wall
53:20 Onager
54:59 Chain Mail Armor
56:52 Plate Mail Armor
59:48 Siege Engineers
60:20 Crop Rotation
80:17 Caravan
80:47 Coinage
85:19 Banking
85:00 Guilds
90:05 Town Patrol
Marchantia
Incitatusaoe
5:27 Loom
11:26 Feudal Age
14:53 Castle Age
15:46 Double-Bit Axe
19:21 Gold Mining
21:36 Devotion
25:46 Horse Collar
28:50 Bow Saw
29:15 Town Watch
33:05 Imperial Age
35:22 Wheelbarrow
39:18 Hand Cart
46:41 Stone Mining
49:22 Chemistry
48:43 Fletching
48:55 Padded Archer Armor
49:19 Heavy Plow
51:13 Leather Archer Armor
51:58 Thumb Ring
52:36 Ring Archer Armor
52:47 Conscription
53:57 Fletching
54:47 Bodkin Arrow
55:29 Hoardings
55:24 Supremacy
55:02 Light Cavalry
55:52 Bloodlines
55:43 Husbandry
55:50 Scale Barding Armor
55:57 Forging
56:34 Stone Shaft Mining
57:20 Two-Man Saw
56:01 Hussar
57:11 Chain Barding Armor
56:35 Cavalier
58:04 Iron Casting
58:02 Masonry
58:23 Paladin
61:07 Plate Barding Armor
61:33 Blast Furnace
61:28 Bracer
63:03 Elite Skirmisher
68:01 Sappers
69:58 Town Patrol
88:59 Coinage
Whop
9:43 Feudal Age
11:02 Loom
13:53 Castle Age
12:17 Double-Bit Axe
22:10 Wheelbarrow
21:41 Horse Collar
22:29 Bow Saw
24:06 Town Watch
24:16 Gold Mining
24:16 Stone Mining
24:34 Heavy Plow
25:41 Gold Shaft Mining
25:32 Hand Cart
29:31 Imperial Age
27:16 Fletching
27:36 Padded Archer Armor
27:42 Scale Barding Armor
28:22 Ballistics
28:24 Bodkin Arrow
28:35 Guard Tower
29:28 Leather Archer Armor
29:20 Husbandry
29:30 Bloodlines
29:54 Thumb Ring
30:55 Parthian Tactics
30:36 Bracer
32:40 Two-Man Saw
33:03 Chemistry
33:11 Ring Archer Armor
33:01 Chain Barding Armor
33:16 Scale Mail Armor
33:26 Forging
32:59 Pikeman
33:40 Squires
33:25 Arson
34:10 Halberdier
36:06 Chain Mail Armor
37:28 Yasama
38:10 Masonry
38:35 Keep
37:50 Arrowslits
37:56 Heavy Cavalry Archer
48:52 Plate Mail Armor
48:57 Iron Casting
50:32 Siege Engineers
52:01 Blast Furnace
59:02 Light Cavalry
69:33 Treadmill Crane
SeiyaPegasus
徽sir
Connection lost

Rejoining the realm…

Still unreachable

The connection could not be restored.

Session expired

The server has moved on; the page needs a fresh start.